[Event "Team 45 45 League T34"]
[Site "Internet Chess Club"]
[Date "2007.08.19"]
[Round "5"]
[White "MarcoDeSade"]
[Black "oldsj"]
[Result "1-0"]
[WhiteElo "1530"]
[BlackElo "1498"]
[Opening "Giuoco Pianissimo"]
[ECO "C50"]
[Time "11:04:21"]
[TimeControl "2700+45"]

1. e4 e5 2. Nf3 Nc6 3. Bc4 Bc5 4. d3 Nf6 5. Be3 Bxe3 6. fxe3 d5 7. exd5 Nxd5 8.
e4 Ne3 9. Qe2 Nxc4 10. dxc4 Bg4 11. c3 O-O 12. O-O Qe7 13. Qe3 Rad8 14. Nbd2 Rd7
15. Nb3 b6 16. Qg5 Qxg5 17. Nxg5 Be2 18. Rf2 Bxc4 19. Nd2 Ba6 20. b3 Rfd8 21.
Ngf3 Ne7 22. c4 c5 23. Raf1 f6 24. Nb1 Ng6 25. g3 Bb7 26. Nc3 Ne7 27. Nd5 Nxd5
28. exd5 Re7 29. Re2 g6 30. Rfe1 Bc8 31. Nd2 Bf5 32. Nf3 Bg4 33. Re3 Bxf3 34.
Rxf3 f5 35. Rd3 e4 36. Rd2 Kf7 37. Kf2 Kf6 38. h4 g5 39. hxg5+ Kxg5 40. Ke3 Kg4
41. Rg1 Rg7 42. Rh2 Kg5 43. Rh4 Kf6 44. Kf4 Rf8 45. Rh6+ Ke7 46. Re6+ Kd7 47.
Ke5 Re7 48. Rxe7+ Kxe7 49. Rf1 e3 50. Kf4 Kf6 51. Kxe3 Kg5 52. Kf3 h5 53. Re1 f4
54. Re5+ Kf6 55. Rxh5 Kg6 56. Re5 fxg3+ 57. Kxg3 Rf7 58. Re6+ Kf5 59. Re1 Rg7+
60. Kf3 Rf7 61. Re2 Kg5+ 62. Ke4 Re7+ 63. Kd3 Rxe2 64. Kxe2 Kf6 65. Ke3 Ke5 66.
Kf3 Kf5 67. a3 a6 68. Kg3 Kg5 69. Kh3 Kf5 70. Kh4 Kf6 71. Kg4 Kg6 72. Kf4 Kf6
73. Ke4 Ke7 74. Ke5 Kd7 75. a4 a5 76. Kf6 Kd6 77. Kf5 Kd7 78. Kg6 Ke8 79. Kf6
Kd7 80. Kf7 Kd6 81. Ke8 Kc7 82. Ke7 Kc8 83. d6 Kb7 84. d7 Ka6 85. d8=Q b5 86.
cxb5+ Kb7 87. Kd7 c4 88. Qc7+ Ka8 89. b6 cxb3 90. Qa7# {Black checkmated} 1-0

[Event "Team 45 45 League T34"]
[Site "Internet Chess Club"]
[Date "2007.08.19"]
[Round "5"]
[White "primerpaso"]
[Black "NoiselessBear"]
[Result "1/2-1/2"]
[WhiteElo "1781"]
[BlackElo "1831"]
[Opening "King's Indian: Pomar system"]
[ECO "A16"]
[Time "13:00:09"]
[TimeControl "2700+45"]

1. c4 Nf6 2. Nc3 g6 3. g3 Bg7 4. Bg2 O-O 5. e4 e5 6. Nge2 d6 7. d4 c6 8. O-O
Nbd7 9. Qc2 a5 10. Rd1 exd4 11. Nxd4 Ne5 12. Qe2 a4 13. h3 Qa5 14. f4 Ned7 15.
Bd2 Qc7 16. Be3 Re8 17. Qc2 Nc5 18. Nde2 Ncxe4 19. Nxe4 Nxe4 20. Bxe4 f5 21.
Bxc6 bxc6 22. Bd4 Qe7 23. Bxg7 Qxe2 24. Qxe2 Rxe2 25. Bc3 Be6 26. b3 Rc2 27. Bd4
c5 28. Bf2 axb3 29. axb3 Rxa1 30. Rxa1 Rb2 31. Ra6 Rxb3 32. Rxd6 Bxc4 33. Bxc5
Rxg3+ 34. Kh2 Rf3 35. Rd4 Bf1 36. h4 Rh3+ 37. Kg1 Bb5 38. Rb4 Bc6 39. Be7 Be4
40. Bg5 Kg7 41. Ra4 Bd5 42. Ra7+ Bf7 43. Kg2 Rb3 44. Kf2 h6 45. Bd8 Rd3 46. Bc7
Kf6 47. Be5+ Ke6 48. Ra6+ Kd7 49. Ra7+ Ke6 50. Ra6+ Kd7 {Game drawn by mutual
agreement} 1/2-1/2

[Event "Team 45 45 League T34"]
[Site "Internet Chess Club"]
[Date "2007.08.19"]
[Round "5"]
[White "burnsja2003"]
[Black "cityprosecutor"]
[Result "0-1"]
[WhiteElo "1657"]
[BlackElo "1815"]
[Opening "Grünfeld: 5.e3"]
[ECO "D94"]
[Time "10:04:58"]
[TimeControl "2700+45"]

1. d4 Nf6 2. c4 g6 3. Nc3 d5 4. e3 Bg7 5. Nf3 O-O 6. Be2 dxc4 7. Bxc4 c5 8. O-O
cxd4 9. exd4 Qc7 10. Be2 Rd8 11. Qe1 Nc6 12. Be3 a6 13. Rc1 Qa5 14. a3 Be6 15.
Bd1 Rac8 16. Na4 Qb5 17. b4 Nd5 18. Qd2 Bf5 19. Ne1 e5 20. Rc5 Nxe3 21. fxe3
exd4 22. Rxb5 dxe3 23. Qe2 axb5 24. Nc5 Rd2 25. Qf3 Re8 26. Be2 Nd4 27. Qxb7
Nxe2+ 28. Kh1 Nc3 29. g4 e2 30. Rf3 Rd1 31. gxf5 Rxe1+ 32. Kg2 Rg1+ 33. Kxg1
e1=Q+ 34. Kg2 Qd2+ 35. Kh3 Qh6+ 36. Kg2 Re2+ 37. Rf2 Qg5+ 38. Kf1 Rxf2+ 39. Kxf2
Qxf5+ 40. Qf3 Bd4+ 41. Kg2 Qxf3+ 42. Kxf3 Bxc5 43. bxc5 Kf8 {White resigns} 0-1

[Event "Team 45 45 League T34"]
[Site "Internet Chess Club"]
[Date "2007.08.20"]
[Round "5"]
[White "LittleBunny"]
[Black "RingLord"]
[Result "0-1"]
[WhiteElo "1244"]
[BlackElo "1528"]
[Opening "Sicilian: Scheveningen variation"]
[ECO "B80"]
[Time "20:34:17"]
[TimeControl "2700+45"]

1. e4 c5 2. Nf3 d6 3. d4 cxd4 4. Nxd4 Nf6 5. Nc3 e6 6. Be3 Be7 7. f3 O-O 8. g4
a6 9. Qd2 b5 10. a3 Bb7 11. g5 Nfd7 12. O-O-O Ne5 13. Bf4 Nc4 14. Bxc4 bxc4 15.
Be3 Nc6 16. Rhg1 Rc8 17. h4 Qa5 18. Nxc6 Rxc6 19. f4 Rd8 20. Bd4 d5 21. f5 Bxa3
22. Qf4 Bc5 23. Ne2 Bxd4 24. Nxd4 c3 25. bxc3 Qa1+ 26. Kd2 Qxc3+ 27. Kc1 Rc4 28.
e5 Qa1+ 29. Kd2 Rxd4+ 30. Ke2 Qxd1+ 31. Rxd1 Rxf4 32. f6 d4 33. c3 Bf3+ {White
resigns} 0-1

[Event "Team 45 45 League T34"]
[Site "Internet Chess Club"]
[Date "2007.08.18"]
[Round "5"]
[White "Hazy"]
[Black "Terte"]
[Result "0-1"]
[WhiteElo "1894"]
[BlackElo "2067"]
[Opening "Sicilian defense"]
[ECO "B34"]
[Time "11:08:04"]
[TimeControl "2700+45"]

1. e4 c5 2. Nf3 Nc6 3. d4 cxd4 4. Nxd4 Nf6 5. Nc3 g6 6. Be3 Bg7 7. Nxc6 bxc6 8.
e5 Nd5 9. Nxd5 cxd5 10. Qxd5 Rb8 11. O-O-O Qc7 12. f4 O-O 13. h4 d6 14. Bd4 Be6
15. exd6 exd6 16. Qe4 Bf5 17. Qe2 Rfc8 18. Bxg7 Qxc2+ 19. Qxc2 Rxc2+ 20. Kb1
Rcxb2+ 21. Ka1 Rb1+ {White resigns} 0-1

[Event "Team 45 45 League T34"]
[Site "Internet Chess Club"]
[Date "2007.08.19"]
[Round "5"]
[White "andreip"]
[Black "Nosferatu1"]
[Result "1-0"]
[WhiteElo "1976"]
[BlackElo "1818"]
[Opening "French: Rubinstein variation"]
[ECO "C10"]
[Time "13:35:00"]
[TimeControl "2700+45"]

1. Nc3 d5 2. d4 e6 3. e4 dxe4 4. Nxe4 Nf6 5. Nxf6+ Qxf6 6. Nf3 h6 7. Be3 Bb4+ 8.
c3 Bd6 9. Bd3 O-O 10. Qd2 Nd7 11. O-O-O e5 12. dxe5 Nxe5 13. Nxe5 Bxe5 14. f4
Bd6 15. h3 Bf5 16. Bxf5 Qxf5 17. g4 Qe6 18. Kb1 Qe4+ 19. Ka1 Rad8 20. Qc1 Rfe8
21. Rde1 Qf3 22. Rh2 Qg3 23. Rhh1 Re4 24. f5 Rde8 25. Bd2 Rxe1 26. Bxe1 Qg2 27.
Bd2 Re2 28. Rd1 Qxh3 29. f6 Rg2 30. fxg7 Kxg7 31. g5 h5 32. Bf4 Qg4 33. Be3 Kg6
34. Rf1 Be7 35. Qb1+ f5 36. gxf6+ Kf7 37. Qh7+ Ke6 38. Qxe7+ Kd5 39. f7 Qe2 40.
Rf5+ Kc4 41. Qe4# {Black checkmated} 1-0

[Event "Team 45 45 League T34"]
[Site "Internet Chess Club"]
[Date "2007.08.18"]
[Round "5"]
[White "AVEMARIA"]
[Black "Victorianum"]
[Result "1-0"]
[WhiteElo "1798"]
[BlackElo "1668"]
[Opening "Sicilian: Canal-Sokolsky attack, Sokolsky variation"]
[ECO "B52"]
[Time "13:04:01"]
[TimeControl "2700+45"]

1. e4 c5 2. Nf3 d6 3. Bb5+ Bd7 4. Bxd7+ Qxd7 5. c4 Nf6 6. Nc3 e6 7. O-O Be7 8.
d4 cxd4 9. Nxd4 a6 10. Qe2 Nc6 11. Be3 O-O 12. Rad1 Nxd4 13. Bxd4 Qc7 14. f4
Rac8 15. e5 dxe5 16. fxe5 Nd7 17. b3 Bc5 18. Bxc5 Qxc5+ 19. Kh1 Qxe5 20. Rxd7
Qxc3 21. Rxb7 Rcd8 22. Qf2 Rd2 23. Qxf7+ {Black resigns} 1-0

[Event "Team 45 45 League T34"]
[Site "Internet Chess Club"]
[Date "2007.08.23"]
[Round "5"]
[White "gugamircea"]
[Black "Warpdrive"]
[Result "1/2-1/2"]
[WhiteElo "1548"]
[BlackElo "1622"]
[Opening "Caro-Kann: Panov-Botvinnik attack"]
[ECO "B13"]
[Time "14:05:37"]
[TimeControl "2700+45"]

1. e4 c6 2. d4 d5 3. exd5 cxd5 4. c4 Nf6 5. Nc3 h6 6. Bf4 e6 7. c5 a6 8. Nf3 b5
9. Bd2 Nc6 10. Nxb5 axb5 11. Bxb5 Bd7 12. O-O Nxd4 13. Nxd4 Bxc5 14. Be3 Bxb5
15. Nxb5 Bxe3 16. fxe3 Qb6 17. Qe2 Rb8 18. a4 O-O 19. Rfc1 Rfc8 20. Rxc8+ Rxc8
21. a5 Qa6 22. Kf1 Rb8 23. Nc3 Qxe2+ 24. Nxe2 Rxb2 25. a6 Rb8 26. a7 Ra8 27. Nc3
Ne8 28. Nb5 Kf8 29. Ra6 Ke7 30. Rb6 Kd7 31. Rb8 Nc7 32. Nxc7 Rxa7 33. Nb5 Ra1+
34. Ke2 Rb1 35. Rb7+ Kc6 36. Rc7+ Kb6 37. Rxf7 Rxb5 38. Rxg7 Kc5 39. Rg6 e5 40.
Rxh6 Rb2+ 41. Kf3 e4+ 42. Kg3 Re2 43. Kf4 Rxg2 44. Rh7 Rf2+ 45. Ke5 Re2 {Game
drawn by mutual agreement} 1/2-1/2

[Event "Team 45 45 League T34"]
[Site "Internet Chess Club"]
[Date "2007.08.16"]
[Round "5"]
[White "livis"]
[Black "DeepHmm"]
[Result "0-1"]
[WhiteElo "2008"]
[BlackElo "2126"]
[Opening "Center game"]
[ECO "C21"]
[Time "14:03:45"]
[TimeControl "2700+45"]

1. e4 e5 2. d4 exd4 3. Bd3 d5 4. e5 c5 5. b3 Nc6 6. f4 Nge7 7. Nf3 Bf5 8. O-O
Qd7 9. a3 g6 10. Re1 Bg7 11. Nbd2 Bxd3 12. cxd3 O-O 13. Nf1 Nf5 14. Qc2 b6 15.
Qf2 Rae8 16. Bd2 f6 17. exf6 Bxf6 18. Rxe8 Rxe8 19. Re1 Rxe1 20. Qxe1 Qe7 21.
Qf2 Nh4 22. Nxh4 Bxh4 23. g3 Bf6 24. Qf3 Qe6 25. h3 b5 26. g4 c4 27. b4 c3 28.
Bc1 a5 29. bxa5 Nxa5 30. f5 gxf5 31. gxf5 Qf7 32. Bh6 Nb3 33. Qd1 Nc5 34. Kh1
Be5 35. Qg4+ Kh8 36. f6 Ne6 37. Bg7+ Nxg7 38. fxg7+ Bxg7 39. Qc8+ Qf8 {White
resigns} 0-1

[Event "Team 45 45 League T34"]
[Site "Internet Chess Club"]
[Date "2007.08.20"]
[Round "5"]
[White "achessman"]
[Black "Vael"]
[Result "1-0"]
[WhiteElo "2031"]
[BlackElo "1874"]
[Opening "Sicilian defense"]
[ECO "B20"]
[Time "11:02:50"]
[TimeControl "2700+45"]

1. e4 c5 2. b3 Nc6 3. Bb2 d6 4. Nc3 a6 5. g3 Nf6 6. Bg2 e6 7. f4 Be7 8. Nf3 Qc7
9. O-O O-O 10. d3 Rb8 11. h3 b5 12. Kh2 Bb7 13. Ne2 d5 14. e5 Nd7 15. Qd2 Nb6
16. c3 c4 17. d4 a5 18. g4 a4 19. bxa4 bxa4 20. Ng3 f6 21. exf6 Rxf6 22. Bc1
Rbf8 23. Qe1 Bc8 24. Rb1 Bd7 25. h4 Bd6 26. Ne5 Bxe5 27. dxe5 R6f7 28. Ba3 Re8
29. Bd6 Qa7 30. Bc5 {Black resigns} 1-0

[Event "Team 45 45 League T34"]
[Site "Internet Chess Club"]
[Date "2007.08.18"]
[Round "5"]
[White "fileman"]
[Black "kabindra"]
[Result "1/2-1/2"]
[WhiteElo "1880"]
[BlackElo "1743"]
[Opening "Caro-Kann: advance variation"]
[ECO "B12"]
[Time "16:30:08"]
[TimeControl "2700+45"]

1. e4 c6 2. d4 d5 3. e5 c5 4. dxc5 Nc6 5. Bb5 e6 6. b4 Bd7 7. Bxc6 Bxc6 8. c3
Ne7 9. Ne2 Ng6 10. f4 Qh4+ 11. g3 Qh3 12. Qd4 Bb5 13. Qf2 Bd3 14. Nd2 Bxe2 15.
Qxe2 Be7 16. Qb5+ Kf8 17. Qxb7 Re8 18. Ba3 Qg4 19. c6 Nxf4 20. gxf4 Bh4+ 21. Kf1
Qxf4+ 22. Ke2 Bg5 23. b5+ Kg8 24. Bc1 Qg4+ 25. Kf2 Bh4+ 26. Ke3 Bg5+ 27. Kd3
Qf5+ 28. Kd4 Qf2+ 29. Kd3 Qf5+ 30. Ke2 Qg4+ 31. Kd3 Qf5+ 32. Ke2 Qg4+ {Game
drawn by repetition} 1/2-1/2

[Event "Team 45 45 League T34"]
[Site "Internet Chess Club"]
[Date "2007.08.16"]
[Round "5"]
[White "tarheels"]
[Black "LoseOften"]
[Result "0-1"]
[WhiteElo "1741"]
[BlackElo "1848"]
[Opening "Sicilian: Najdorf, Byrne (English) attack"]
[ECO "B90"]
[Time "13:47:29"]
[TimeControl "2700+45"]

1. e4 c5 2. Nf3 d6 3. d4 cxd4 4. Nxd4 Nf6 5. Nc3 a6 6. Be3 Ng4 7. Qd2 Nxe3 8.
Qxe3 Nc6 9. O-O-O e6 10. f4 Be7 11. f5 Bg5 {White resigns} 0-1

[Event "Team 45 45 League T34"]
[Site "Internet Chess Club"]
[Date "2007.08.21"]
[Round "5"]
[White "Gregorio"]
[Black "Thestorm"]
[Result "0-1"]
[WhiteElo "2062"]
[BlackElo "2139"]
[Opening "Sicilian: Richter-Rauzer, 6...e6"]
[ECO "B62"]
[Time "22:03:24"]
[TimeControl "2700+45"]

1. e4 c5 2. Nf3 Nc6 3. d4 cxd4 4. Nxd4 Nf6 5. Nc3 d6 6. Bg5 e6 7. Be2 Be7 8. h4
Qb6 9. Nb3 O-O 10. Qd2 d5 11. exd5 Nxd5 12. Nxd5 exd5 13. O-O-O Qxf2 14. Be3 Qg3
15. Bf4 Qxg2 16. Rdg1 Qe4 17. Bd3 Qa4 18. Bh6 Bg4 19. Bb5 Qe4 20. Bf4 Bb4 21.
Qf2 h5 22. a3 Rac8 23. Bd3 Qf3 24. Qh2 Nd4 25. Kb1 Nxb3 26. Rf1 Qh3 27. Qg1 Bc5
28. Rxh3 Bxg1 29. Rh1 Bd4 30. cxb3 Rfe8 31. Re1 Bf3 32. Rxe8+ Rxe8 33. Rc1 Bf6
34. Bb5 Re7 35. Bc7 Bxh4 36. Bd8 Re1 {White resigns} 0-1

[Event "Team 45 45 League T34"]
[Site "Internet Chess Club"]
[Date "2007.08.17"]
[Round "5"]
[White "ETwoEFour"]
[Black "Gaia-theory"]
[Result "1-0"]
[WhiteElo "2077"]
[BlackElo "2033"]
[Opening "Sicilian"]
[ECO "B50"]
[Time "23:07:56"]
[TimeControl "2700+45"]

1. e4 c5 2. Nf3 d6 3. Bd3 Nc6 4. c3 Bg4 5. Bc2 g6 6. d3 Bg7 7. O-O Nf6 8. h3 Bd7
9. Be3 O-O 10. Na3 Rc8 11. Qd2 a6 12. Bh6 Qc7 13. Rfe1 b5 14. Bb3 e6 15. d4 c4
16. Bc2 e5 17. Rad1 Rcd8 18. Qe3 Rfe8 19. d5 Na5 20. Nb1 Nb7 21. Qg5 Nc5 22. b4
cxb3 23. axb3 a5 24. Qe3 a4 25. b4 Na6 26. Bd3 Qb7 27. Bxg7 Kxg7 28. Na3 Rb8 29.
Rb1 Rec8 30. Rec1 Nh5 31. c4 Nf4 32. c5 Nxd3 33. c6 Qb6 34. Qxb6 Rxb6 35. cxd7
Rd8 36. Rc6 Rxc6 37. dxc6 Nc7 38. g3 f6 39. Kf1 f5 40. Nd2 fxe4 41. Nxe4 d5 42.
Nd6 Kf8 43. Naxb5 Na6 44. Ke2 e4 45. Nb7 Ke7 46. Nxd8 Kxd8 47. Nd6 {Black
resigns} 1-0

[Event "Team 45 45 League T34"]
[Site "Internet Chess Club"]
[Date "2007.08.20"]
[Round "5"]
[White "Changuito-77"]
[Black "NoiselessBear"]
[Result "0-1"]
[WhiteElo "1781"]
[BlackElo "1845"]
[Opening "King's Indian: East Indian defense"]
[ECO "A48"]
[Time "08:56:32"]
[TimeControl "2700+45"]

1. d4 Nf6 2. Nf3 g6 3. e3 Bg7 4. Bd3 O-O 5. O-O d6 6. h3 Nbd7 7. Nbd2 c5 8. b3
b6 9. Bb2 Bb7 10. c4 Re8 11. d5 b5 12. Qc2 b4 13. Rad1 a5 14. Ba1 a4 15. Qb2 e5
16. dxe6 fxe6 17. Ne4 Qe7 18. Qc2 axb3 19. axb3 d5 20. Nxf6+ Bxf6 21. cxd5 exd5
22. Bb5 Bxa1 23. Rxa1 Rxa1 24. Rxa1 Rc8 25. Ra7 Bc6 26. Bxc6 Rxc6 27. Qb2 Rc8
28. Ne5 Qxe5 29. Qe2 Rc7 30. Ra8+ Kf7 31. Qf3+ Nf6 32. Qe2 c4 33. bxc4 dxc4 34.
Qd2 Qe7 35. g4 c3 36. Qa2+ Qe6 37. Qa1 c2 {White resigns} 0-1

[Event "Team 45 45 League T34"]
[Site "Internet Chess Club"]
[Date "2007.08.19"]
[Round "5"]
[White "HoHo"]
[Black "bbbad"]
[Result "1-0"]
[WhiteElo "1855"]
[BlackElo "1598"]
[Opening "Sicilian: Pelikan, Chelyabinsk variation"]
[ECO "B33"]
[Time "19:02:28"]
[TimeControl "2700+45"]

1. e4 c5 2. Nf3 Nc6 3. d4 cxd4 4. Nxd4 Nf6 5. Nc3 e5 6. Ndb5 d6 7. Bg5 a6 8. Na3
b5 9. Nd5 Be7 10. Bxf6 gxf6 11. c3 f5 12. exf5 Bxf5 13. Qf3 Be6 14. Nf6+ Bxf6
15. Qxc6+ Ke7 16. Be2 Qd7 17. Qf3 Bf5 18. Bd3 Bxd3 19. Qxd3 Qc6 20. O-O-O Rad8
21. f3 h5 22. Nc2 h4 23. Nb4 Bg5+ 24. Kb1 Qb7 25. Qf5 f6 26. Nd5+ Kf7 27. f4
exf4 28. Rhe1 Rde8 29. Rxe8 Rxe8 30. Qh7+ {Black resigns} 1-0

[Event "Team 45 45 League T34"]
[Site "Internet Chess Club"]
[Date "2007.08.17"]
[Round "5"]
[White "Just-Jim"]
[Black "civilization"]
[Result "0-1"]
[WhiteElo "1359"]
[BlackElo "1516"]
[Opening "Sicilian defense"]
[ECO "B20"]
[Time "20:21:41"]
[TimeControl "2700+45"]

1. e4 c5 2. Bc4 e6 3. Nc3 a6 4. a3 Nc6 5. Nf3 Nf6 6. e5 Ng4 7. d4 cxd4 8. Nxd4
Ngxe5 9. Nxc6 Nxc6 10. O-O d5 11. Bd3 Bd6 12. Ne2 e5 13. c3 e4 14. Bc2 Qf6 15.
Be3 Qg6 16. Kh1 Qh5 17. g3 Bg4 18. Re1 Bf3+ 19. Kg1 Qh3 20. Nf4 Bxf4 21. Qxf3
exf3 22. Bxf4+ Ne7 23. Rxe7+ Kxe7 24. Re1+ Kd8 25. Bc7+ Kxc7 26. Re7+ Kd8 27.
Rxf7 Qg2# {White checkmated} 0-1

[Event "Team 45 45 League T34"]
[Site "Internet Chess Club"]
[Date "2007.08.19"]
[Round "5"]
[White "g8wrb"]
[Black "klt713"]
[Result "1-0"]
[WhiteElo "1472"]
[BlackElo "1293"]
[Opening "Sicilian: Smith-Morra gambit"]
[ECO "B21"]
[Time "13:08:17"]
[TimeControl "2700+45"]

1. e4 c5 2. d4 cxd4 3. c3 dxc3 4. Nxc3 Nc6 5. Nf3 e5 6. Bc4 Be7 7. Qd5 Nh6 8.
Bxh6 O-O 9. Be3 d6 10. O-O Be6 11. Qd3 Nb4 12. Qe2 Nc2 13. Qxc2 Bxc4 14. Rfd1 f6
15. Nd5 Bxd5 16. Rxd5 b6 17. Qb3 Kh8 18. Rc1 Rc8 19. Rxc8 Qxc8 20. Rd1 Qd7 21.
Rc1 Rc8 22. Rxc8+ Qxc8 23. Qd1 h6 24. Qc1 Qxc1+ 25. Bxc1 Kh7 26. g4 g5 27. h3 b5
28. Kf1 a6 29. Ke2 Bd8 30. Bd2 Bb6 31. b3 Kg7 32. Ne1 Kf7 33. Nc2 a5 34. Na3 b4
35. Nc4 Bc5 36. Nxa5 Ke7 37. Nc6+ Kd7 38. Nxb4 Bxb4 39. Bxb4 Kc6 40. Kd3 d5 41.
f3 dxe4+ 42. Kxe4 Kd7 43. a4 Kc6 44. a5 Kb5 45. Bd2 Ka6 46. Kf5 Kb5 47. Kxf6 Kc6
48. Kxe5 Kb5 49. Kf6 Ka6 50. Kg6 Kb5 51. Kxh6 {Black resigns} 1-0

[Event "Team 45 45 League T34"]
[Site "Internet Chess Club"]
[Date "2007.08.17"]
[Round "5"]
[White "ffplayer"]
[Black "archae13"]
[Result "1-0"]
[WhiteElo "1351"]
[BlackElo "1280"]
[Opening "King's Indian: accelerated Averbakh system"]
[ECO "E70"]
[Time "23:03:25"]
[TimeControl "2700+45"]

1. d4 Nf6 2. c4 g6 3. Nc3 Bg7 4. e4 d6 5. Bg5 O-O 6. Qd2 Re8 7. Nf3 Nbd7 8. Bd3
c5 9. d5 Ne5 10. Nxe5 dxe5 11. O-O Nh5 12. Be2 Nf4 13. Bxf4 exf4 14. Qxf4 a6 15.
Rac1 Qd7 16. b3 e5 17. dxe6 fxe6 18. Rfd1 Bd4 19. Rf1 Qe7 20. Qd2 Bd7 21. Bf3
Rf8 22. Ne2 e5 23. Nxd4 exd4 24. Rfe1 Qe5 25. Qd3 Rf4 26. g3 Rf6 27. Bg2 Raf8
28. Rc2 Bg4 29. Qf1 Qh5 30. f3 Qe5 31. Rf2 Bh5 32. f4 Qe7 33. Bf3 Rd8 34. Bxh5
gxh5 35. f5 d3 36. e5 Rff8 37. e6 Rf6 38. Rd1 Rd4 39. Rxd3 Rxd3 40. Qxd3 b6 41.
Qe2 Qe8 42. Qf3 Kg7 43. Qb7+ Kf8 44. Qxb6 Qe7 45. Qxa6 Qc7 46. Qa8+ Kg7 47. Qd5
h4 48. Qf3 Qe5 49. Qg4+ Kf8 50. Qxh4 Qa1+ 51. Kg2 h6 52. Qe4 Ke7 53. Qb7+ Kd6
54. Qb6+ Ke5 55. Qxc5+ Ke4 56. e7 Qe5 57. Qxe5+ Kxe5 58. e8=Q+ Kd4 59. Qh8 Ke5
60. Qxf6+ Kxf6 61. Re2 Kxf5 62. c5 {Black resigns} 1-0

[Event "Team 45 45 League T34"]
[Site "Internet Chess Club"]
[Date "2007.08.19"]
[Round "5"]
[White "rpgrossman"]
[Black "DayDream01"]
[Result "1-0"]
[WhiteElo "1078"]
[BlackElo "1075"]
[Opening "Queen's pawn game, Darooha variation "]
[ECO "D02"]
[Time "22:00:56"]
[TimeControl "2700+45"]

1. Nf3 d5 2. d4 Nf6 3. g3 e6 4. Bg2 Nc6 5. O-O Ne4 6. Ng5 Nxg5 7. Bxg5 Qxg5 8.
e3 Bd6 9. f4 Qe7 10. c3 O-O 11. Nd2 b6 12. Nf3 h6 13. Qe2 Ba6 14. Qxa6 Nb8 15.
Qb7 Nd7 16. f5 exf5 17. Qxd5 Qxe3+ 18. Kh1 g6 19. Rae1 Qd3 20. Rd1 Qa6 21. c4
Nf6 22. Qb5 Qc8 23. Ne5 Re8 24. Bxa8 Qxa8+ 25. Qc6 Qd8 26. Rde1 Bb4 27. Nxf7
Kxf7 28. Rxe8 Nxe8 29. Qd5+ Ke7 30. Qxd8+ Kxd8 31. a3 Bd2 32. Rd1 Bg5 33. c5 b5
34. b4 Kd7 35. d5 c6 36. d6 Bf6 37. Kg2 Bc3 38. Rd3 Bg7 39. Re3 Bb2 40. Re7+ Kd8
41. Rxa7 Nf6 42. a4 bxa4 43. Rxa4 Nd7 44. Ra8+ Nb8 45. Rxb8+ Kd7 46. Rb7+ Kc8
47. Rc7+ Kd8 48. Rxc6 {Black resigns} 1-0

[Event "Team 45 45 League T34"]
[Site "Internet Chess Club"]
[Date "2007.08.19"]
[Round "5"]
[White "ADIOKiddo4Ever"]
[Black "littleboo"]
[Result "0-1"]
[WhiteElo "1394"]
[BlackElo "1372"]
[Opening "Vienna: Paulsen variation"]
[ECO "C25"]
[Time "23:28:52"]
[TimeControl "2700+45"]

1. e4 e5 2. Nc3 Nc6 3. g3 Bc5 4. Bg2 d6 5. Na4 Be6 6. Nxc5 dxc5 7. d3 Qe7 8. Ne2
O-O-O 9. O-O Nf6 10. f4 Qd6 11. f5 Bd7 12. Nc3 Nd4 13. Be3 Bc6 14. g4 h5 15. g5
Ng4 16. Qd2 Nxc2 17. Rad1 Ncxe3 18. Rfe1 Nxd1 19. Rxd1 Qd4+ 20. Kf1 Ne3+ {White
resigns} 0-1

[Event "Team 45 45 League T34"]
[Site "Internet Chess Club"]
[Date "2007.08.19"]
[Round "5"]
[White "reverendjim"]
[Black "tmac63"]
[Result "1-0"]
[WhiteElo "1274"]
[BlackElo "1081"]
[Opening "Lengfellner system"]
[ECO "B07"]
[Time "14:05:15"]
[TimeControl "2700+45"]

1. d4 d6 2. e4 e6 3. Nf3 Nf6 4. Nc3 Be7 5. Be2 O-O 6. O-O Nc6 7. Re1 a6 8. h3
Rb8 9. a3 b5 10. b4 e5 11. d5 Nd4 12. Nxd4 exd4 13. Qxd4 Qd7 14. Bf3 Ra8 15. Bb2
Bb7 16. Rad1 Rfc8 17. e5 c5 18. Qf4 cxb4 19. axb4 Rc4 20. Rd4 Rac8 21. e6 fxe6
22. Rxe6 Bxd5 23. Bxd5 Nxd5 24. Nxd5 Qxe6 25. Nxe7+ Qxe7 26. Qxd6 Re8 27. Qd5+
Qe6 28. c3 h6 29. Rd3 Re4 30. Qxe6+ R8xe6 31. Re3 Kf7 32. Rxe4 Rxe4 33. Kf1 Re5
34. Bc1 Re7 35. Be3 Rc7 36. Bd4 Ke6 37. Ke2 Kd5 38. Kd3 Rf7 39. g3 g6 40. f4 g5
41. Be3 Rf6 42. fxg5 hxg5 43. Bxg5 Rf3+ 44. Ke2 Rxg3 45. h4 Rxc3 46. h5 Kd4 47.
h6 Re3+ 48. Bxe3+ Ke5 49. h7 Ke6 50. h8=Q Kf7 51. Qh7+ Ke6 52. Qg6+ Kd5 53. Kd3
Ke5 54. Qg5+ Kd6 55. Qc5+ Ke6 56. Kd4 Kf6 57. Qe5+ Kf7 58. Kd5 a5 59. bxa5 b4
60. Qe6+ Kg7 61. Bd4+ Kf8 62. a6 b3 63. a7 b2 64. a8=Q# {Black checkmated} 1-0

[Event "Team 45 45 League T34"]
[Site "Internet Chess Club"]
[Date "2007.08.21"]
[Round "5"]
[White "scottrugby"]
[Black "Conjurer"]
[Result "1-0"]
[WhiteElo "1537"]
[BlackElo "1179"]
[Opening "Sicilian: closed"]
[ECO "B23"]
[Time "23:20:23"]
[TimeControl "2700+45"]

1. e4 c5 2. Nc3 d6 3. f4 Nf6 4. Nf3 g6 5. Bb5+ Nbd7 6. O-O Bg7 7. d3 O-O 8. Bxd7
Bxd7 9. Qe1 a5 10. Bd2 b5 11. Qh4 e6 12. f5 exf5 13. Bh6 Bxh6 14. Qxh6 Ng4 15.
Qh3 h5 16. Qg3 b4 17. Nd5 Be6 18. h3 Nf6 19. Nf4 fxe4 20. Nxe6 fxe6 21. Qxg6+
Kh8 22. Ng5 Ra7 23. Nxe6 Rg8 24. Qxf6+ Qxf6 25. Rxf6 exd3 26. cxd3 Re7 27. Raf1
Rge8 28. Rh6+ Rh7 29. Rff6 d5 30. Rf8+ Rxf8 31. Rxh7+ Kxh7 32. Nxf8+ Kg7 33.
Ne6+ Kf6 34. Nxc5 Ke5 35. Kf2 Kd4 36. Na4 Kxd3 37. g4 Kc2 38. g5 d4 39. Nc5 d3
40. Nxd3 Kxd3 41. g6 Kc2 42. g7 Kxb2 43. g8=Q a4 44. Qc4 b3 45. Qe2+ Ka3 46.
axb3 axb3 47. Qxh5 b2 48. Qd1 Ka2 49. h4 b1=Q 50. Qxb1+ Kxb1 51. h5 Ka2 52. h6
{Black resigns} 1-0

[Event "Team 45 45 League T34"]
[Site "Internet Chess Club"]
[Date "2007.08.24"]
[Round "5"]
[White "Traho"]
[Black "chess-buddy"]
[Result "1-0"]
[WhiteElo "1287"]
[BlackElo "1329"]
[Opening "Sicilian: Smith-Morra gambit"]
[ECO "B21"]
[Time "20:57:30"]
[TimeControl "2700+45"]

1. e4 c5 2. d4 cxd4 3. c3 dxc3 4. Nxc3 g6 5. Bf4 Bg7 6. Rc1 Nc6 7. Nf3 Nf6 8. h3
O-O 9. Qd2 a6 10. Bh6 b5 11. Bxg7 Kxg7 12. e5 Nh5 13. g4 Nf6 14. exf6+ exf6 15.
Be2 Bb7 16. O-O Ne5 17. Nxe5 fxe5 18. Rcd1 Qh4 19. Kh2 Rad8 20. Nd5 f6 21. Ne3
d5 22. Qb4 d4 23. Ng2 Bxg2 24. Kxg2 f5 25. Qa3 Qf6 26. gxf5 Qg5+ 27. Qg3 Qxg3+
28. fxg3 Rxf5 29. Rxf5 gxf5 30. Kf3 e4+ 31. Kf4 Kf6 32. h4 d3 33. Bf1 Rc8 34.
Ke3 a5 35. Bxd3 exd3 36. Rxd3 Rc2 37. Rd2 Rc4 38. Rd5 Re4+ 39. Kd3 Rg4 40. Rxb5
Rxg3+ 41. Kc2 f4 42. Rxa5 f3 43. Ra3 Rg2+ 44. Kd1 Rg1+ 45. Kd2 f2 46. Rf3+ Kg6
47. Rxf2 Kh5 48. Rh2 Rg4 49. a3 Rd4+ 50. Kc3 Rxh4 51. Rxh4+ Kxh4 52. Kd3 Kg4 53.
Ke3 h5 54. Kf2 Kf4 55. b4 Ke5 56. Kg3 Kd6 57. Kh4 Kc6 58. Kxh5 Kb5 59. Kg5 Ka4
60. Kf5 Kxa3 61. b5 Ka4 62. b6 Ka5 63. b7 Ka6 64. b8=Q {Black resigns} 1-0

[Event "Team 45 45 League T34"]
[Site "Internet Chess Club"]
[Date "2007.08.19"]
[Round "5"]
[White "WCB"]
[Black "wekabird"]
[Result "0-1"]
[WhiteElo "1017"]
[BlackElo "1219"]
[Opening "Caro-Kann defense"]
[ECO "B15"]
[Time "19:58:00"]
[TimeControl "2700+45"]

1. e4 c6 2. d4 d5 3. Nc3 dxe4 4. Be3 Bf5 5. d5 Nf6 6. dxc6 Qxd1+ 7. Nxd1 Nxc6 8.
Bb5 e6 9. f3 Be7 10. Nc3 Bb4 11. Ne2 O-O 12. O-O-O exf3 13. gxf3 Ne5 14. Rhf1 a6
15. Bd4 Bd6 16. Bd3 Nxd3+ 17. cxd3 e5 18. Bb6 Rac8 19. h4 Rc6 20. Be3 b5 21. Kb1
b4 22. Na4 Nd5 23. Bf2 Rb8 24. b3 Nc3+ 25. Naxc3 bxc3 26. Kc1 c2 27. Rde1 Bb4
28. Kb2 Bxe1 29. Rxe1 Bxd3 30. Be3 Bxe2 31. Rxe2 Rbc8 32. Bc1 f6 33. Re1 Rc3 34.
Bd2 Rxf3 35. Rh1 Rd3 36. Kc1 e4 37. Re1 f5 38. Rf1 g6 39. Rg1 Rh3 40. Rg2 Rxh4
41. Bb4 Rh1+ {White resigns} 0-1